 Dungeon Crawl Stone Soup version 0.16-a0-3933-g06ce5c0 (webtiles) character file.

1589 abixa the Martial Artist (level 8, 44/44 HPs)
             Began as a Vine Stalker Monk on Feb 5, 2015.
             Quit the game on level 6 of the Dungeon.
             The game lasted 00:20:39 (5870 turns).

abixa the Martial Artist (Vine Stalker Monk)        Turns: 5870, Time: 00:20:39

Health: 44/44      AC:  4    Str: 13    XL:     8   Next: 92%
Magic:  11/11      EV: 13    Int: 12    God:
Gold:   303        SH:  0    Dex: 18    Spells: 0 memorised, 7 levels left

rFire  . . .     SeeInvis .       - Unarmed
rCold  . . .     Clarity  .     z - +0 robe (curse)
rNeg   . . .     SustAb   .     (no shield)
rPois  .         Gourm    .     (no helmet)
rElec  .         Spirit   +     K - +0 cloak
rCorr  .         Warding  .     (no gloves)
rMut   .         Stasis   .     y - +0 pair of boots
MR     +....                    (no amulet)
Stlth  +++.......               (no ring)
                                (no ring)

@: somewhat resistant to hostile enchantments, fairly stealthy
A: fangs 3, regeneration 2, magic shield, antimagic bite, no device heal 3, rot
immunity
a: no special abilities


You were on level 6 of the Dungeon.
You were not hungry.

You visited 1 branch of the dungeon, and saw 6 of its levels.

You collected 303 gold pieces.

Inventory:

Hand weapons
 b - a +0 hunting sling
 c - a +0 blowgun
 o - a +0 glaive
Missiles
 d - 79 arrows
 f - 204 stones (quivered)
 g - 43 sling bullets
 t - 5 curare-tipped needles
 A - 21 poisoned needles
 E - 11 tomahawks
Armour
 a - a +0 ring mail
 y - a +0 pair of boots (worn)
 z - a cursed +0 robe (worn)
 K - a +0 cloak (worn)
 L - a +0 leather armour
Rods
 J - a +0 rod of the swarm (13/13)
   (You found it on level 5 of the Dungeon)
Magical devices
 C - a wand of random effects (39)
 F - a wand of paralysis (7)
 M - a wand of paralysis (10)
Scrolls
 h - 5 scrolls of remove curse
 i - a scroll of amnesia {unknown}
 j - 3 scrolls of magic mapping {unknown}
 q - 3 scrolls of identify {unknown}
 x - a scroll of fear {unknown}
 D - a scroll of blinking {unknown}
 H - a scroll of teleportation {unknown}
Potions
 k - a potion of heal wounds {unknown}
 l - 2 potions of haste {unknown}
 n - 2 potions of cancellation {unknown}
 p - a potion of curing {unknown}
 u - a potion of degeneration {unknown}
 v - a potion of mutation {unknown}
 w - a potion of poison {unknown}
Books
 I - a Grand Grimoire {highlevel, unknown}

   This book is beyond your current level of understanding.

   Spells                             Type                      Level
   a - Aura of Abjuration             Summoning                    6
   b - Summon Greater Demon           Summoning                    7
   c - Malign Gateway                 Summoning/Translocation      7
   d - Summon Horrible Things         Summoning                    8
 N - a book of Frost

   Spells                             Type                      Level
   a - Freeze                         Ice                          1
   b - Throw Frost                    Conjuration/Ice              2
   c - Ozocubu's Armour               Charms/Ice                   3
   d - Throw Icicle                   Conjuration/Ice              4
   e - Summon Ice Beast               Ice/Summoning                4
   f - Condensation Shield            Ice                          4
Comestibles
 e - 5 bread rations
 m - a royal jelly
 r - 2 chunks of flesh
 s - 10 fruits
 B - 4 meat rations
 G - a beef jerky


   Skills:
 + Level 6.2 Fighting
 + Level 2.7 Dodging
 + Level 4.6 Stealth
 * Level 9.2 Unarmed Combat


You had 7 spell levels left.
You didn't know any spells.

Dungeon Overview and Level Annotations

Branches:
Dungeon (6/15)
 Temple: D:4-7

Altars:
Ashenzari
Trog
Zin


Innate Abilities, Weirdness & Mutations

You have razor-sharp teeth.
You heal very quickly.
When hurt, damage is shared between your health and your magic reserves.
Your bite disrupts and absorbs the magic of your enemies.
Potions and wands cannot restore your health.
You are immune to rotting.


Message History

Reactivating autopickup.
You feel a bit more experienced.
Items here: )) [[ † a dagger; a robe; a trident; a ring mail; an orc corpse You now have 303 gold pieces (gained 18).
HP restored.
You open the door.
A kobold comes into view. It is wielding a dagger.
Found an escape hatch in the floor.
Unknown command.
Found a hardcover book.
There is an open door here.
The helpless kobold fails to defend itself.
You punch the kobold!
You kill the kobold!
No target in view!
N - a book of Frost
Okay, then.
Okay, then.
Are you sure you want to abandon this character and quit the game? (Confirm with "yes".)

...... ...#+# .###
........#####..#.##
# #.........#
...#.. #
#.........#.##.#.#
#
#..>......#......#
#
#.........+......#
#
#.........#.#.#.>#
## #.)...^.....#
##.######.
#.....@....#
#........
####'###....#
########. #.# .....
.... #. #.# ....
#..# #. #.# #..
#..# #† #.# #..# #.
#.# #..###. #.#
#..##.. #.###
#..##.#


There were no monsters in sight!

Vanquished Creatures
  Eustachio (D:6)
  A phantom (D:5)
  2 ogres (D:4)
  3 centaurs
  2 giant frogs (D:6)
  A goliath beetle (D:6)
  A crimson imp (D:4)
  A jelly (D:5)
  An orc priest (D:4)
  A hound (D:5)
  4 iguanas (D:4)
  3 orc wizards
  5 worker ants
  A hound zombie (D:5)
  7 gnolls
  13 adders
  2 giant mites
  7 worms
  An adder skeleton (D:4)
  3 giant geckos
  2 oozes
  18 orcs
  4 ball pythons
  6 giant cockroaches
  9 goblins
  9 hobgoblins
  4 jackals (D:4)
  13 kobolds
  A quokka (D:4)
  11 bats
  3 giant newts
  11 rats
151 creatures vanquished.

Vanquished Creatures (others)
  A killer bee (D:5)
1 creature vanquished.

Grand Total: 152 creatures vanquished

Notes
Turn   | Place    | Note
--------------------------------------------------------------
     0 | D:1      | abixa, the Vine Stalker Monk, began the quest for the Orb.
     0 | D:1      | Reached XP level 1. HP: 11/11 MP: 1/1
   192 | D:1      | Reached XP level 2. HP: 10/16 MP: 0/3
   860 | D:2      | Reached XP level 3. HP: 15/19 MP: 2/4
   953 | D:2      | Reached skill level 5 in Unarmed Combat
  1126 | D:2      | Reached XP level 4. HP: 16/23 MP: 2/5
  1982 | D:3      | Found a shattered altar of Ashenzari.
  2036 | D:3      | Reached skill level 6 in Unarmed Combat
  2139 | D:3      | Reached XP level 5. HP: 28/28 MP: 7/7
  2934 | D:4      | Gained mutation: You heal very quickly. [vine stalker growth]
  2934 | D:4      | Reached XP level 6. HP: 26/32 MP: 8/8
  3314 | D:4      | Found a glowing silver altar of Zin.
  3513 | D:4      | Reached skill level 7 in Unarmed Combat
  3627 | D:4      | Noticed a moth of wrath
  3630 | D:4      | Found a bloodstained altar of Trog.
  3649 | D:4      | Reached XP level 7. HP: 38/38 MP: 9/9
  3771 | D:4      | Noticed an ogre
  3809 | D:4      | Killed an ogre
  4169 | D:5      | Entered Level 5 of the Dungeon
  4258 | D:4      | Reached skill level 5 in Fighting
  4378 | D:5      | Identified a +0 rod of the swarm (13/13) (You found it on level 5 of the Dungeon)
  4774 | D:5      | Reached skill level 8 in Unarmed Combat
  4795 | D:5      | Gained mutation: You have razor-sharp teeth. [vine stalker growth]
  4795 | D:5      | Reached XP level 8. HP: 19/44 MP: 4/11
  5621 | D:6      | Noticed Eustachio
  5634 | D:6      | Killed Eustachio
  5634 | D:6      | Reached skill level 9 in Unarmed Combat
  5870 | D:6      | Quit the game

Action                   |  1- 3 |  4- 6 |  7- 9 || total
-------------------------+-------+-------+-------++-------
Melee: Unarmed           |    70 |   240 |   148 ||   458
 Fire: Hunting sling     |    26 |    46 |    68 ||   140
       Blowgun           |       |       |     9 ||     9
Evoke: Rod               |       |       |     1 ||     1
  Use: Scroll            |       |     1 |       ||     1
 Stab: Sleeping          |     1 |     3 |     9 ||    13
       Distracted        |       |       |     1 ||     1
  Eat: Chunk             |     1 |     8 |     7 ||    16
